 Dungeon Crawl Stone Soup version 0.16.1-4-g8e1b745 (webtiles) character file.

23325 Lordman the Thaumaturge (level 13, -1/76 HPs)
             Began as a Gargoyle Wizard on Mar 27, 2015.
             Was the Champion of Vehumet.
             Slain by an orc knight
             ... wielding a +1 battleaxe of freezing
              (4 damage)
             ... on level 3 of the Orcish Mines.
             The game lasted 02:01:01 (16702 turns).

Lordman the Thaumaturge (Gargoyle Wizard)          Turns: 16702, Time: 02:01:02

Health: -1/76      AC: 14    Str: 11    XL:     13   Next: 6%
Magic:  0/42       EV: 11    Int: 24    God:    Vehumet [******]
Gold:   1118       SH:  4    Dex:  8    Spells: 10 memorised, 5 levels left

rFire  . . .     SeeInvis .     H - +2 spear (venom)
rCold  . . .     Clarity  .     Z - +0 leather armour
rNeg   + . .     SustAb   .     O - +0 buckler
rPois  ∞         Gourm    .     b - +1 hat
rElec  +         Spirit   .     (no cloak)
rCorr  .         Warding  .     n - +0 pair of gloves
rMut   .         Stasis   .     (no boots)
MR     .....                    s - amulet of regeneration
Stlth  +++.......               E - ring of magical power
                                A - ring of stealth

@: repel missiles, not resistant to hostile enchantments, fairly stealthy
A: negative energy resistance 1, electricity resistance, unbreathing,
petrification resistance, rot immunity, AC +9
a: Renounce Religion


You were on level 3 of the Orcish Mines.
You worshipped Vehumet.
Vehumet was exalted by your worship.
You were very hungry.

You visited 3 branches of the dungeon, and saw 16 of its levels.

You collected 1688 gold pieces.
You spent 570 gold pieces at shops.

Inventory:

Hand weapons
 h - a +1 long sword of protection
 x - a +2 short sword of flaming
 H - a +2 spear of venom (weapon)
 I - a +2 short sword of venom
 W - a +3 long sword
Armour
 b - a +1 hat (worn)
 n - a +0 pair of gloves (worn)
 p - a +1 robe of magic resistance
 O - a +0 buckler (worn)
 Z - a +0 leather armour (worn)
Magical staves
 C - an uncursed staff of air
Jewellery
 s - an amulet of regeneration (around neck)
 A - a ring of stealth (left hand)
 E - a ring of magical power (right hand)
 N - an uncursed ring of ice
Magical devices
 l - a wand of heal wounds (4)
 t - a wand of paralysis (10)
 v - a wand of lightning (7)
 D - a wand of random effects (25)
 F - a wand of polymorph (11)
 K - a wand of digging (5)
 P - a wand of frost (23)
 Q - a wand of confusion (30)
 R - a wand of lightning (6)
 T - a wand of frost (17)
 U - a wand of random effects (26)
 X - a wand of frost (6)
Scrolls
 e - 3 scrolls of identify
 m - a scroll of teleportation
 o - 2 scrolls of fog
 u - a scroll of enchant weapon
 y - a scroll of recharging
 G - 5 scrolls of amnesia
 J - 2 scrolls of enchant armour
 S - 2 scrolls of magic mapping
Potions
 a - 2 potions of might
 g - a potion of poison
 i - 4 potions of curing
 j - a potion of magic {unknown}
 q - 2 potions of heal wounds
 w - a potion of resistance
 z - a potion of ambrosia {unknown}
 M - a potion of agility
 V - 2 potions of invisibility
Books
 c - a book of Minor Magic

   Spells                             Type                      Level
   a - Magic Dart                     Conjuration                  1
   b - Blink                          Translocation                2
   c - Call Imp                       Summoning                    2
   d - Repel Missiles                 Charms/Air                   2
   e - Slow                           Hexes                        2
   f - Conjure Flame                  Conjuration/Fire             3
   g - Mephitic Cloud                 Conjuration/Poison/Air       3
 r - a book of Transfigurations

   Spells                             Type                      Level
   a - Stoneskin                      Transmutation/Earth          2
   b - Irradiate                      Conjuration/Transmutation    5
   c - Statue Form                    Transmutation/Earth          6
   d - Hydra Form                     Transmutation                6
   e - Dragon Form                    Transmutation                7
 Y - the Compendium of Unholy Arts
   (You bought it in a shop on level 11 of the Dungeon)

   Spells                             Type                      Level
   a - Sublimation of Blood           Necromancy                   2
   b - Animate Dead                   Necromancy                   4
   c - Simulacrum                     Ice/Necromancy               6
Comestibles
 d - 11 bread rations
 f - 11 meat rations
 k - 9 beef jerkies
 B - 4 chunks of flesh
 L - 6 fruits


   Skills:
 - Level 7.1 Fighting
 - Level 4.1 Armour
 - Level 1.5 Dodging
 - Level 2.1 Stealth
 - Level 5.3 Shields
 * Level 12.7 Spellcasting
 + Level 12.1 Conjurations
 - Level 0.1 Charms
   Level 0.8 Summonings
 - Level 0.5 Necromancy
 - Level 0.8 Translocations
 + Level 7.7 Fire Magic
 - Level 1.0 Air Magic
 - Level 1.3 Earth Magic
 - Level 0.8 Poison Magic


You had 5 spell levels left.
You knew the following spells:

 Your Spells              Type           Power        Failure   Level  Hunger
a - Magic Dart            Conj           ####         1%          1    None
b - Blink                 Tloc           N/A          6%          2    None
c - Conjure Flame         Conj/Fire      ######..     1%          3    None
d - Mephitic Cloud        Conj/Pois/Air  #####...     1%          3    None
e - Repel Missiles        Chrm/Air       ###...       8%          2    None
f - Flame Tongue          Conj/Fire      #####        1%          1    None
g - Stone Arrow           Conj/Erth      #####.       1%          3    None
h - Bolt of Magma         Conj/Fire/Erth #####.....   2%          5    ###....
i - Bolt of Draining      Conj/Necr      #####.....   3%          5    ###....
j - Delayed Fireball      Conj/Fire      N/A          30%         7    ######.


Dungeon Overview and Level Annotations

Branches:
Dungeon (11/15)            Temple (1/1) D:5            Lair (0/8) D:8
    Orc (4/4) D:11
    Elf: Orc:3-4

Altars:
Ashenzari
Cheibriados
Fedhas
Makhleb
Okawaru
Sif Muna
Trog
Vehumet
Xom
Yredelemnul
The Shining One
Beogh

Shops:
D:11 **=

Annotations:
D:3 1 runed door


Innate Abilities, Weirdness & Mutations

You are resistant to torment.
You are immune to poison.
Your stone body is very resilient (AC +9).
You resist negative energy.
You are resistant to electric shocks.
You can survive without breathing.
You are immune to petrification.
You are immune to rotting.


Message History

The bolt of negative energy misses the orc knight.
The orc knight hits you with a battleaxe of freezing!!
The orc knight freezes you.
Casting: Bolt of Draining
Confirm with . or Enter, or press ? or * to list all spells.
Aiming: Bolt of Magma
Press: ? - help, Shift-Dir - straight line, f/p - orc knight
Aim: an orc knight, wielding a battleaxe of freezing and wearing a chain mail (almost dead, consumed by blood-lust, lightly drained)
The bolt of magma misses the orc knight.
Casting: Bolt of Magma
Confirm with . or Enter, or press ? or * to list all spells.
Aiming: Stone Arrow
Press: ? - help, Shift-Dir - straight line, f/p - orc knight
Aim: an orc knight, wielding a battleaxe of freezing and wearing a chain mail (almost dead, consumed by blood-lust, lightly drained)
The stone arrow hits the orc knight.
The orc knight is almost dead.
The orc knight hits you with a battleaxe of freezing!!
* * * LOW HITPOINT WARNING * * *
The orc knight freezes you.
You die...

..##......## ###..≈≈≈≈..# #
...#..#....# #..≈≈≈..### #
.......#...# #≈.≈≈≈≈...# ####
........#.## #..≈.≈....###.##
.........##### ###.....[)..)..[[.
........#.##.###≈....##.)#....).#
#..).........##≈.....###.#####)#.
...<>........##....### ### ##.[..
..).....[..####.@o.# #.....
...........####..### #.#..[
.............##..## ####.)
..................# #...
.##..###.##..#...## ##.# ######
########### ###


You could see an orc knight (frenzied).

Vanquished Creatures
  Donald (Orc:4)
  2 orc warlords
  Harold (D:10)
  3 orc high priests
  A hill giant (D:10)
  4 orc knights
  2 orc sorcerers
  An ugly thing (D:11)
  A cyclops (D:10)
  Psyche (D:8)
  A troll (D:9)
  Grinder (D:3)
  2 two-headed ogres
  The ghost of angelmind the Insei, an average OpTm (D:7)
  A wraith (D:11)
  2 wyverns (D:11)
  A deep elf mage (D:9)
  3 yaks (D:11)
  2 hippogriffs
  A hungry ghost (D:8)
  A steam dragon (D:11)
  2 wargs
  A mottled dragon (D:11)
  2 water moccasins
  4 ice beasts
  32 orc warriors
  A black bear (D:11)
  7 sky beasts
  3 ogres
  2 phantoms (D:11)
  2 centaurs
  13 big kobolds
  Duvessa (D:7)
  7 giant frogs
  A gnoll sergeant (D:6)
  4 scorpions
  A wyvern skeleton (D:11)
  A water moccasin skeleton (D:7)
  11 wights
  An electric eel (D:8)
  10 killer bees
  3 crimson imps
  A goliath beetle (D:8)
  6 hounds
  Dowan (D:7)
  2 centaur zombies (D:6)
  3 jellies
  25 orc priests
  A centaur skeleton (D:5)
  A giant frog skeleton (D:4)
  4 iguanas
  30 orc wizards
  11 worker ants
  Ijyb (D:4)
  A hound skeleton (D:11)
  13 gnolls
  A worker ant zombie (D:6)
  15 adders
  2 worms
  An adder zombie (D:7)
  6 giant geckos
  3 oozes
  164 orcs
  15 bats
  A bat skeleton (D:4)
  21 goblins
  24 hobgoblins
  9 jackals
  4 quokkas
  6 giant cockroaches
  A giant gecko skeleton (D:8)
  4 giant newts
  A giant spore (D:11)
  34 kobolds
  2 quokka skeletons
  A quokka zombie (D:9)
  9 rats
  2 ballistomycetes (D:11)
568 creatures vanquished.

Notes
Turn   | Place    | Note
--------------------------------------------------------------
     0 | D:1      | Lordman, the Gargoyle Wizard, began the quest for the Orb.
     0 | D:1      | Reached XP level 1. HP: 10/10 MP: 4/4
   445 | D:1      | Reached XP level 2. HP: 13/15 MP: 0/6
   505 | D:1      | Learned a level 2 spell: Blink
  1041 | D:1      | Found an iron altar of Okawaru.
  1305 | D:1      | Reached XP level 3. HP: 19/19 MP: 1/7
  1907 | D:2      | Reached skill level 4 in Conjurations
  2038 | D:2      | Reached XP level 4. HP: 24/24 MP: 3/9
  2538 | D:3      | Found a glowing golden altar of the Shining One.
  2546 | D:3      | Found a runed door.
  2546 | D:3      | Noticed an angel
  2655 | D:3      | Noticed Grinder
  2665 | D:3      | Killed Grinder
  2665 | D:3      | Reached skill level 6 in Conjurations
  2665 | D:3      | Reached XP level 5. HP: 3/28 MP: 1/11
  2665 | D:3      | Reached XP level 6. HP: 3/32 MP: 1/12
  3601 | D:4      | Learned a level 3 spell: Conjure Flame
  3605 | D:4      | Learned a level 3 spell: Mephitic Cloud
  3674 | D:4      | Reached skill level 7 in Conjurations
  3674 | D:4      | Reached XP level 7. HP: 34/36 MP: 7/17
  3889 | D:4      | Found a blossoming altar of Fedhas.
  3890 | D:4      | Noticed Ijyb
  3926 | D:4      | Killed Ijyb
  4693 | D:5      | Entered Level 5 of the Dungeon
  4749 | D:5      | Learned a level 2 spell: Repel Missiles
  4866 | D:5      | Reached skill level 5 in Spellcasting
  4886 | D:5      | Reached XP level 8. HP: 29/41 MP: 1/20
  5013 | D:5      | Found a glowing golden altar of the Shining One.
  5016 | D:5      | Found a deep blue altar of Sif Muna.
  5019 | D:5      | Found a basalt altar of Yredelemnul.
  5274 | D:5      | Reached skill level 1 in Air Magic
  5303 | D:5      | Found a staircase to the Ecumenical Temple.
  5316 | Temple   | Entered the Ecumenical Temple
  5352 | Temple   | Became a worshipper of Vehumet
  5584 | D:6      | Reached skill level 1 in Fire Magic
  5741 | D:6      | Reached skill level 8 in Conjurations
  6272 | D:6      | Found a shattered altar of Ashenzari.
  6717 | D:6      | Reached XP level 9. HP: 43/45 MP: 17/24
  6879 | D:6      | Acquired Vehumet's first power
  6879 | D:6      | Offered knowledge of Flame Tongue by Vehumet.
  6976 | D:6      | Reached skill level 9 in Conjurations
  7087 | D:6      | Learned a level 1 spell: Flame Tongue
  7595 | D:7      | Noticed angelmind's ghost (average OpTm)
  7600 | D:7      | Killed angelmind's ghost
  7671 | D:7      | Offered knowledge of Freeze by Vehumet.
  7844 | D:7      | Found a burning altar of Makhleb.
  7882 | D:7      | Noticed Dowan
  7884 | D:7      | Noticed Duvessa
  7895 | D:7      | Killed Duvessa
  7904 | D:7      | Killed Dowan
  8003 | D:7      | Reached skill level 1 in Armour
  8052 | D:7      | Reached skill level 1 in Fighting
  8298 | D:8      | Reached XP level 10. HP: 16/55 MP: 16/26
  8517 | D:8      | Offered knowledge of Stone Arrow by Vehumet.
  8536 | D:8      | Noticed Psyche
  8570 | D:8      | Killed Psyche
  8752 | D:8      | Acquired Vehumet's second power
  8763 | D:8      | Reached skill level 1 in Shields
  8778 | D:8      | Reached skill level 5 in Fire Magic
  8816 | D:8      | Learned a level 3 spell: Stone Arrow
  8816 | D:8      | Offered knowledge of Airstrike by Vehumet.
  8838 | D:8      | Found a staircase to the Lair.
  9165 | D:8      | Reached skill level 5 in Fighting
  9639 | D:9      | Acquired Vehumet's third power
  9650 | D:9      | Learned a level 4 spell: Airstrike
  9788 | D:9      | Offered knowledge of Bolt of Draining by Vehumet.
  9890 | D:9      | Gained mutation: You are robust (+10% HP). [potion of mutation]
  9890 | D:9      | Gained mutation: You can spit poison. [potion of mutation]
  9890 | D:9      | Gained mutation: Armour fits poorly on your strangely shaped body. [potion of mutation]
  9892 | D:9      | Lost mutation: You can spit poison. [potion of cure mutation]
  9892 | D:9      | Lost mutation: Armour fits poorly on your strangely shaped body. [potion of cure mutation]
  9892 | D:9      | Lost mutation: You are robust (+10% HP). [potion of cure mutation]
 10242 | D:9      | Reached skill level 1 in Earth Magic
 10518 | D:9      | Learned a level 5 spell: Bolt of Draining
 10520 | D:10     | Entered Level 10 of the Dungeon
 10552 | D:10     | Noticed Harold
 10569 | D:10     | Killed Harold
 10569 | D:10     | Reached XP level 11. HP: 64/66 MP: 21/27
 10672 | D:10     | Reached skill level 5 in Shields
 10858 | D:10     | Noticed a hill giant
 10879 | D:10     | Killed a hill giant
 10947 | D:10     | Noticed a cyclops
 10955 | D:10     | Killed a cyclops
 11197 | D:11     | Offered knowledge of Ozocubu's Refrigeration by Vehumet.
 11798 | D:11     | Found a staircase to the Orcish Mines.
 11866 | D:11     | Reached skill level 10 in Conjurations
 11885 | D:11     | Learned a level 6 spell: Ozocubu's Refrigeration
 12061 | D:11     | Found Tiyss' Assorted Antiques.
 12080 | D:11     | Bought a colourful book for 570 gold pieces
 12080 | D:11     | Identified the Compendium of Unholy Arts (You bought it in a shop on level 11 of the Dungeon)
 12181 | D:11     | Found Mavutit's Assorted Antiques.
 12397 | D:11     | Found Pnuowur's Jewellery Emporium.
 12578 | D:11     | Found a snail-covered altar of Cheibriados.
 12772 | Orc:1    | Entered Level 1 of the Orcish Mines
 13056 | Orc:1    | Reached skill level 10 in Spellcasting
 13092 | Orc:1    | Offered knowledge of Bolt of Magma by Vehumet.
 13099 | Orc:1    | Learned a level 5 spell: Bolt of Magma
 13357 | Orc:1    | Found a bloodstained altar of Trog.
 13416 | Orc:2    | Noticed an orc warlord
 13926 | Orc:2    | Killed an orc warlord
 13926 | Orc:2    | Reached XP level 12. HP: 72/72 MP: 16/31
 14558 | Orc:2    | Noticed an orc knight
 14559 | Orc:2    | Reached skill level 11 in Conjurations
 14565 | Orc:2    | Killed an orc knight
 14714 | Orc:2    | Found a roughly hewn altar of Beogh.
 14721 | Orc:2    | Noticed an orc high priest
 14731 | Orc:2    | Killed an orc high priest
 14802 | Orc:2    | Noticed an orc knight
 14826 | Orc:2    | Killed an orc knight
 15689 | Orc:4    | Entered Level 4 of the Orcish Mines
 15927 | Orc:4    | Noticed Donald
 15939 | Orc:4    | Killed Donald
 15939 | Orc:4    | Reached skill level 12 in Spellcasting
 16366 | Orc:4    | Noticed an orc high priest
 16368 | Orc:4    | Noticed an orc high priest
 16370 | Orc:4    | Noticed an orc warlord
 16373 | Orc:4    | Killed an orc high priest
 16398 | Orc:3    | Offered knowledge of Delayed Fireball by Vehumet.
 16547 | Orc:3    | Learned a level 7 spell: Delayed Fireball
 16569 | Orc:3    | Killed an orc high priest
 16692 | Orc:3    | Killed an orc warlord
 16692 | Orc:3    | Reached XP level 13. HP: 52/76 MP: 10/33
 16702 | Orc:3    | HP: 3/76 [orc knight/battleaxe of freezing (26)]
 16702 | Orc:3    | Slain by an orc knight

Action                   |  1- 3 |  4- 6 |  7- 9 | 10-12 | 13-15 || total
-------------------------+-------+-------+-------+-------+-------++-------
Melee: Dagger            |    24 |       |       |       |       ||    24
       Falchion          |       |    11 |       |       |       ||    11
       Short sword       |       |       |   125 |       |       ||   125
       Spear             |       |       |   182 |   481 |       ||   663
       Scimitar          |       |       |       |    20 |       ||    20
       Long sword        |       |       |       |     1 |       ||     1
 Cast: Magic Dart        |    95 |    69 |   161 |   222 |       ||   547
       Mephitic Cloud    |       |     1 |    54 |   123 |       ||   178
       Blink             |       |       |     8 |     3 |       ||    11
       Conjure Flame     |       |       |    15 |     4 |       ||    19
       Repel Missiles    |       |       |     2 |     7 |       ||     9
       Flame Tongue      |       |       |     9 |   114 |       ||   123
       Stone Arrow       |       |       |       |    72 |     1 ||    73
       Bolt of Draining  |       |       |       |    82 |     1 ||    83
       Bolt of Magma     |       |       |       |    37 |     2 ||    39
Evoke: Wand              |       |     1 |       |     8 |       ||     9
  Use: Scroll            |       |    10 |       |    14 |       ||    24
       Potion            |       |       |       |    10 |       ||    10
 Stab: Confused          |       |     1 |    13 |    28 |       ||    42
       Sleeping          |       |       |     4 |       |       ||     4
  Eat: Chunk             |     3 |     5 |    16 |    43 |       ||    67
       Fruit             |       |       |       |     2 |       ||     2
       Pizza             |       |       |       |     1 |       ||     1
